 Dungeon Crawl Stone Soup version 0.31.0-32-g396128a36d (webtiles) character file.

Game seed: 17359495897187021083

72 Dadi the Shooter (level 4, -1/34 HPs)
             Began as a Barachi Hunter on Mar 26, 2024.
             Slain by a jackal (3 damage)
             ... on level 2 of the Dungeon.
             The game lasted 00:03:55 (821 turns).

Dadi the Shooter (Barachi Hunter)                    Turns: 821, Time: 00:03:56

Health: -1/34      AC:  4    Str: 12    XL:     4   Next: 26%
Magic:  4/4        EV: 12    Int:  9    God:
Gold:   29         SH:  0    Dex: 18    Spells: 3/3 levels left

rFire   . . .        a - +0 shortbow
rCold   . . .        (shield currently unavailable)
rNeg    . . .        c - +0 leather armour
rPois   .            k - +0 helmet
rElec   .            (no cloak)
rCorr   .            (no gloves)
SInv    .            (no boots)
Will    .....        (no amulet)
Stlth   ++           (no ring)
HPRegen 0.25/turn    (no ring)
MPRegen 0.09/turn

%: no passive effects
@: unable to hop, slow
A: amphibious, slowness 1, strong legs 1, +LOS
a: Hop


You were on level 2 of the Dungeon.
You visited 1 branch of the dungeon, and saw 2 of its levels.

You collected 29 gold pieces.

Inventory:

Hand Weapons
 a - a +0 shortbow (weapon)
Armour
 c - a +0 leather armour (worn)
 k - a +0 helmet (worn)
Wands
 i - a wand of digging (5)
Scrolls
 b - a scroll of butterflies
 d - 4 scrolls of identify {unknown}
 h - 2 scrolls of fog {unknown}
 j - a scroll of poison {unknown}
Potions
 e - a potion of haste {unknown}
 f - a potion of heal wounds {unknown}
 g - a potion of magic {unknown}


   Skills:
 - Level 2.4 Fighting
 + Level 5.6 Ranged Weapons
 - Level 2.1 Dodging
 - Level 0.8 Stealth


You had 3 spell levels left.
You didn't know any spells.
Your spell library contained the following spells:

 Spells                   Type           Power      Damage    Failure   Level
 Dazzling Flash           Conj/Hex       0%         N/A       83%         3
 Volatile Blastmotes      Fire/Tloc      0%         2d10      83%         3
 Starburst                Conj/Fire      0%         6d3       100%        6
 Maxwell's Capacitive Co  Air            0%         ∞         100%        8


Dungeon Overview and Level Annotations

Branches:
Dungeon (2/15)

Altars:


Innate Abilities, Weirdness & Mutations

You are amphibious.
You cover ground slowly.
You can hop short distances.
You have an extended range of vision and can be seen from far away.


Message History

Search for what [? for help]? shoot Can't find anything matching that.
Press: ? - help, v - describe, . - travel
Here: a jackal The floor.
There are monsters nearby!
Your legs are too worn out to hop.
Fire: a) +0 shortbow
Press: ? - help, Shift-Dir - straight line, f/p - jackal
Aim: a jackal (58% to hit)
You shoot an arrow.
The arrow hits the jackal but does no damage.
The jackal bites you but does no damage.
The jackal closely misses you. The jackal barely misses you.
The gnoll hits you from afar with a +0 spear!
* * * LOW HITPOINT WARNING * * *
The gnoll barely misses you.
Fire: a) +0 shortbow
Press: ? - help, Shift-Dir - straight line, f/p - jackal
Aim: a jackal (58% to hit)
You shoot an arrow. The arrow barely misses the jackal.
The arrow hits the endoplasm!
You kill the endoplasm!
The jackal misses you.
The jackal bites you but does no damage.
The gnoll hits you from afar with a +0 spear.
* * * LOW HITPOINT WARNING * * *
The gnoll closely misses you. The jackal closely misses you. x2
Fire: a) +0 shortbow
Press: ? - help, Shift-Dir - straight line, f/p - jackal
Aim: a jackal (58% to hit)
You shoot an arrow. The arrow hits the jackal.
The jackal is heavily wounded.
The jackal barely misses you. The jackal closely misses you.
The gnoll hits you from afar with a +0 spear.
* * * LOW HITPOINT WARNING * * *
The gnoll hits you from afar with a +0 spear.
* * * LOW HITPOINT WARNING * * *
The jackal bites you.
You die...

#...... .. #...... ....
#......########......
.....................
....)......###...... ###...)..#
.... #........# #.# ########
####.....)###### #.# #.†....#
......###....gh@####.# #......#
##>..........gh.#..#.# #......#
#......##..†.g.....#.# #......#
..#.####.......##.#.# #......#
#.###.#....#........#.# #......#
..h...$..........>.##.####......#
....)......#............##......#
.J.#......##.#####.##.#.####...##
g #.#....##.# #.##.#.# ##.....


You could see 2 gnolls, 2 jackals and a goblin.

Vanquished Creatures
  2 gnolls (D:2)
  An adder (D:2)
  A ribbon worm (D:2)
  2 ball pythons
  4 bats
  4 endoplasms
  2 giant cockroaches
  2 goblins
  A hobgoblin (D:1)
  4 jackals
  4 kobolds
  A quokka (D:1)
  11 frilled lizards (D:1)
  3 rats
42 creatures vanquished.

Notes
Turn   | Place    | Note
-------+----------+-------------------------------------------
     0 | D:1      | Dadi the Barachi Hunter began the quest for the Orb.
     0 | D:1      | Reached XP level 1. HP: 17/17 MP: 1/1
    34 | D:1      | Reached XP level 2. HP: 23/23 MP: 2/2
    81 | D:1      | Found a faded altar of an unknown god.
   571 | D:1      | Reached XP level 3. HP: 28/28 MP: 3/3
   577 | D:1      | Reached skill level 5 in Ranged Weapons
   802 | D:2      | Reached XP level 4. HP: 34/34 MP: 4/4
   821 | D:2      | Slain by a jackal

Illustrated notes

Levels and vault maps discovered:
D:1:      elethiomel_arrival_quiet, layout_basic,
          dreamdust_ecumenical_altar_grove, minmay_lizard_king
D:2:      layout_rooms, serial_shops, shop

Skill      XL: |  1  2  3 |
---------------+----------+-----
Ranged Weapons | 5 |  5.6
Fighting       | |  2.4
Dodging        | |  2.1
Stealth        | |  0.8

Action                     |  1- 3 |  4- 6 || total
---------------------------+-------+-------++-------
   Fire: Shortbow          |    94 |    16 ||   110
Ability: Hop               |     2 |     1 ||     3
 Armour: Leather armour    |    19 |    16 ||    35
  Dodge: Dodged            |    20 |    28 ||    48
